 Dungeon Crawl Stone Soup version 0.32-a0-841-g4648e6c (webtiles) character file.

Game seed: 7713343244749726964

90 Dorkslayer the Ducker (level 4, 0/31 HPs)
             Began as an Octopode Fighter on Mar 26, 2024.
             Slain by a gnoll
             ... wielding a +0 spear
              (3 damage)
             ... on level 3 of the Dungeon.
             The game lasted 00:02:25 (1724 turns).

Dorkslayer the Ducker (Octopode Fighter)            Turns: 1724, Time: 00:02:25

Health: 0/31       AC:  1    Str: 17    XL:     4   Next: 56%
Magic:  4/4        EV: 12    Int: 10    God:
Gold:   79         SH:  4    Dex: 11    Spells: 3/3 levels left

rFire   . . .        a - +0 war axe
rCold   . . .        b - +0 buckler
rNeg    . . .        (helmet restricted)
rPois   .            (no amulet)
rElec   .            (no ring)
rCorr   .            (no ring)
SInv    .            (no ring)
Will    .....        (no ring)
Stlth   +++          (no ring)
HPRegen 0.25/turn    (no ring)
MPRegen 0.09/turn    (no ring)
                     (no ring)

%: no passive effects
@: mighty
A: almost no armour, amphibious, 8 rings, camouflage 1, gelatinous body 1,
(nimble swimmer 1), tentacles
a: no special abilities


You were on level 3 of the Dungeon.
You visited 1 branch of the dungeon, and saw 3 of its levels.

You collected 79 gold pieces.

Inventory:

Hand Weapons
 a - a +0 war axe (weapon)
Armour
 b - a +0 buckler (worn)
Scrolls
 d - 3 scrolls of identify {unknown}
 e - a scroll of fog {unknown}
 h - a scroll of noise {unknown}
 i - 2 scrolls of teleportation {unknown}
 k - 2 scrolls of enchant weapon {unknown}
 l - a scroll of revelation {unknown}
Potions
 c - 2 potions of might
 f - a potion of ambrosia {unknown}
 g - a potion of curing
 j - a potion of lignification {unknown}
 m - a potion of haste {unknown}


   Skills:
 + Level 3.4 Fighting
 + Level 3.1 Axes
 + Level 3.8 Dodging
 + Level 1.4 Stealth
 + Level 3.2 Shields


You had 3 spell levels left.
You didn't know any spells.
Your spell library was empty.

Dungeon Overview and Level Annotations

Branches:
Dungeon (3/15)

Altars:
Makhleb


Innate Abilities, Weirdness & Mutations

You cannot wear most types of armour.
You are amphibious.
You can wear up to eight rings at the same time.
Your skin changes colour to match your surroundings (Stealth+).
Your rubbery body absorbs attacks. (AC +1, EV +1)
((You are camouflaged when in or above water. (Stealth+)))
You have tentacles for arms and can constrict up to eight enemies at once.


Message History

The gnoll attacks as it pursues you! The gnoll closely misses you.
The gnoll attacks as it pursues you! The gnoll completely misses you.
The endoplasm freezes you.
You are frozen.
The gnoll attacks as it pursues you! You block the gnoll's attack.
The gnoll attacks as it pursues you! The gnoll misses you.
The gnoll attacks as it pursues you! The gnoll hits you with a +0 whip!
The gnoll attacks as it pursues you! The gnoll hits you with a +0 whip.
You feel very mighty all of a sudden. The gnoll misses you.
You barely miss the gnoll. Your grab misses the gnoll.
Your squeeze misses the gnoll.
The gnoll is heavily wounded.
The gnoll completely misses you.
It was a potion of curing.
You feel better. The gnoll hits you with a +0 whip.
You slash the gnoll!
You kill the gnoll!
The endoplasm hits you but does no damage.
You slice the endoplasm!!
You kill the endoplasm!
You slash the gnoll! Your grab misses the gnoll.
The gnoll is severely wounded.
The gnoll misses you.
The gnoll hits you from afar with a +0 spear!
The gnoll hits you with a +0 whip.
* * * LOW HITPOINT WARNING * * *
You barely miss the gnoll. Your grab misses the gnoll.
The gnoll is severely wounded.
You block the gnoll's attack. The gnoll misses you.
You completely miss the gnoll. Your grab misses the gnoll.
Your squeeze misses the gnoll.
The gnoll is severely wounded.
You block the gnoll's attack. x2
You barely miss the gnoll. You grab the gnoll. You squeeze the gnoll.
You kill the gnoll!
The gnoll closely misses you.
The gnoll hits you from afar with a +0 spear.
* * * LOW HITPOINT WARNING * * *
The gnoll hits you with a +0 spear.
You die...

#...).......
####.######## #.###
#......... #...#
#..####### #?..# #<.#
#...# ###.# #...# #...#
#...#
#.#############...#
#....)...@gg......#
################(.......
......... ##.#......
#.+....). ###......
..... .....


You could see 2 gnolls.

Vanquished Creatures
  3 gnolls
  An adder (D:2)
  A ribbon worm (D:3)
  2 orcs (D:3)
  3 ball pythons
  2 bats (D:1)
  3 endoplasms
  A giant cockroach (D:1)
  3 goblins (D:2)
  6 hobgoblins
  4 jackals (D:1)
  5 quokkas
  A frilled lizard (D:1)
  3 kobolds
  5 rats
43 creatures vanquished.

Notes
Turn   | Place    | Note
-------+----------+-------------------------------------------
     0 | D:1      | Dorkslayer the Octopode Fighter began the quest for the
                  | Orb.
     0 | D:1      | Reached XP level 1. HP: 16/16 MP: 1/1
    98 | D:1      | Reached XP level 2. HP: 10/21 MP: 2/2
   443 | D:1      | Reached XP level 3. HP: 26/26 MP: 3/3
  1303 | D:2      | Reached skill level 1 in Stealth
  1303 | D:2      | Reached XP level 4. HP: 21/31 MP: 4/4
  1441 | D:2      | Found a burning altar of Makhleb.
  1724 | D:3      | Slain by a gnoll

Illustrated notes

Levels and vault maps discovered:
D:1:      dpeg_arrival_triangle_fractal, layout_basic, minmay_tiny_reverse_x
D:2:      wander_river, layout_loops_cross, basic_altar, grunt_ministairs_2,
          mrwooster_statue_mirror, st_stairs_1
D:3:      layout_basic, overflow_temple_1_default, uniq_natasha

Skill      XL: |  1  2  3  4 |
---------------+-------------+-----
Stealth        | 1 |  1.4
Axes           | 3 |  3.1
Fighting       | |  3.4
Dodging        | |  3.8
Shields        | |  3.2

Action                     |  1- 3 |  4- 6 || total
---------------------------+-------+-------++-------
  Melee: War axe           |    60 |    14 ||    74
         Constrict         |    19 |     4 ||    23
         Tentacles         |     9 |     4 ||    13
    Use: Potion            |       |     2 ||     2
   Stab: Sleeping          |     3 |       ||     3
 Armour: Skin              |    30 |     9 ||    39
  Dodge: Dodged            |    28 |    11 ||    39
  Block: Buckler           |    15 |     8 ||    23

Table legend: (Time is in decaauts)
 A = Elapsed time spent in this place.
 B = Non-inter-level travel time spent in this place.
 C = Inter-level travel time spent in this place.
 D = Time resting spent in this place.
 E = Time spent auto-exploring this place.
 F = Levels seen in this place.
 G = Mean time per level.
                   A        B        C        D        E       F      G
               +--------+--------+--------+--------+--------+-----+--------+
         Total |   1755 |   1755 |      0 |      0 |   1236 |   3 |  585.0 |
       Dungeon |   1755 |   1755 |      0 |      0 |   1236 |   3 |  585.0 |
               +--------+--------+--------+--------+--------+-----+--------+

Top non-repeatable levels by time:
     D:1: 860 daAuts
     D:2: 776 daAuts
     D:3: 118 daAuts
